 Dungeon Crawl Stone Soup version 0.26-a0-812-g31a745ddcd (webtiles) character file.

Game seed: 8464609113821701118

54 kae the Insei (level 3, -1/20 HPs)
             Began as a Tengu Transmuter on Nov 23, 2020.
             Slain by an adder (3 damage)
             ... on level 2 of the Dungeon.
             The game lasted 00:00:58 (2291 turns).

kae the Insei (Tengu Transmuter)                    Turns: 2291, Time: 00:00:59

Health: -1/20      AC:  2    Str: 11    XL:     3   Next: 91%
Magic:  7/7        EV: 13    Int: 13    God:
Gold:   112        SH:  0    Dex: 14    Spells: 2/6 levels left

rFire    . . .     SeeInvis .     - Unarmed
rCold    . . .     Faith    .   (no shield)
rNeg     . . .     Spirit   .   a - +0 robe
rPois    .         Reflect  .   (helmet restricted)
rElec    .         Harm     .   (no cloak)
rCorr    .         Rampage  .   (no gloves)
MR       .....                  (boots unavailable)
Stlth    +.........             (no amulet)
HPRegen  0.06/turn              (no ring)
MPRegen  0.10/turn              (no ring)

@: lethally poisoned (-1 -> -8)
A: beak, talons 3
a: no special abilities


You were on level 2 of the Dungeon.
You visited 1 branch of the dungeon, and saw 2 of its levels.

You collected 112 gold pieces.

Inventory:

Armour
 a - a +0 robe (worn)
Scrolls
 b - a scroll of fog {unknown}
 c - 3 scrolls of identify {unknown}
 d - a scroll of magic mapping {unknown}
 e - 2 scrolls of remove curse {unknown}
 f - 2 scrolls of random uselessness {unknown}
 g - 2 scrolls of blinking {unknown}
 j - 5 scrolls of amnesia {unknown}
Potions
 h - a potion of heal wounds {unknown}
 i - a potion of curing
 k - a potion of resistance {unknown}


   Skills:
 + Level 1.4 Fighting
 + Level 1.0 Armour
 + Level 2.5 Dodging
 * Level 3.8 Unarmed Combat
 + Level 2.1 Spellcasting
 * Level 2.2 Transmutations


You had 2 spell levels left.
You knew the following spells:

 Your Spells              Type           Power        Failure   Level
a - Beastly Appendage     Tmut           #.....       10%         1
b - Spider Form           Tmut/Pois      #.........   43%         3

Your spell library contained the following spells:

 Spells                   Type           Power        Failure   Level
 Wereblood                Tmut           #.......     16%         2
 Ice Form                 Ice/Tmut       #.......     83%         4
 Blade Hands              Tmut           #.........   95%         5


Dungeon Overview and Level Annotations

Branches:
Dungeon (2/15)

Altars:
Dithmenos

Annotations:
D:1 1 runed translucent door


Innate Abilities, Weirdness & Mutations

You have a beak for a mouth.
You have claws for feet.


Message History

You are too injured to fight recklessly!
You are too injured to fight recklessly!
You hit the adder but do no damage. You peck the adder.
The adder is heavily wounded.
The adder bites you.
You hit the adder. Your kick misses the adder.
The adder is heavily wounded.
You feel sick. The adder bites you but does no damage. The adder bites you.
* * * LOW HITPOINT WARNING * * *
You are lethally poisoned!
The adder poisons you!
You hit the adder but do no damage. Your kick misses the adder.
The adder is heavily wounded.
The adder bites you but does no damage.
You barely miss the adder. Your kick misses the adder.
Your peck misses the adder.
The adder is heavily wounded.
* * * LOW HITPOINT WARNING * * *
You feel sick. The adder bites you.
You die...

..##########
<..........#
........#### #
#######.#### .###
#.........# ...
#.####.##.# ..#
#.# #.##.# #.#
#.# #.##)# #S#
#.# #.##.#####@#
#.# #..........#
#.#######.#######
#.........#
###########


You could see an adder.

Vanquished Creatures
  An adder (D:2)
  A worm (D:2)
  A dart slug (D:1)
  A leopard gecko (D:1)
  5 bats
  6 goblins
  2 hobgoblins (D:1)
  7 jackals
  4 kobolds
  2 ball pythons (D:1)
  2 frilled lizards
  4 rats
36 creatures vanquished.

Notes
Turn   | Place    | Note
-------+----------+-------------------------------------------
     0 | D:1      | kae the Tengu Transmuter began the quest for the Orb.
     0 | D:1      | Reached XP level 1. HP: 12/12 MP: 4/4
     0 | D:1      | Noticed a jelly
     1 | D:1      | Found a runed translucent door.
   392 | D:1      | Reached XP level 2. HP: 14/16 MP: 4/6
  1007 | D:1      | Reached XP level 3. HP: 19/20 MP: 5/7
  1260 | D:1      | Learned a level 3 spell: Spider Form
  1702 | D:2      | Found a shadowy altar of Dithmenos.
  2139 | D:2      | Found a faded altar of an unknown god.
  2163 | D:2      | Reached skill level 1 in Armour
  2291 | D:2      | Slain by an adder

Illustrated notes

Levels and vault maps discovered:
D:1:      dpeg_arrival_caged_fury, layout_loops_ring
D:2:      layout_loops_ring, nicolae_dithmenos_shadow_blocks,
          minmay_overflow_temple_star_hex,
          chequers_ecumenical_altar_simple_redux

Skill      XL: |  1  2  3 |
---------------+----------+-----
Transmutations | 2 |  2.2
Armour         | 1 |  1.0
Fighting       | |  1.4
Dodging        | |  2.5
Unarmed Combat | |  3.8
Spellcasting   | |  2.1

Action                   || total
-------------------------++-------
Melee: Unarmed           ||    95
       Peck              ||    14
       Kick              ||    13
       Headbutt          ||     2
       Punch             ||     1
 Cast: Beastly Appendage ||    15
       Spider Form       ||     2
  Use: Potion            ||     1
 Stab: Sleeping          ||     2
Armor: Robe              ||    17
Dodge: Dodged            ||    80

Table legend: (Time is in decaauts)
 A = Elapsed time spent in this place.
 B = Non-inter-level travel time spent in this place.
 C = Inter-level travel time spent in this place.
 D = Time resting spent in this place.
 E = Time spent auto-exploring this place.
 F = Levels seen in this place.
 G = Mean time per level.
                   A        B        C        D        E       F      G
               +--------+--------+--------+--------+--------+-----+--------+
         Total |   2285 |   2281 |      4 |    317 |   1713 |   2 | 1142.5 |
       Dungeon |   2285 |   2281 |      4 |    317 |   1713 |   2 | 1142.5 |
               +--------+--------+--------+--------+--------+-----+--------+

Top non-repeatable levels by time:
     D:1: 1585 daAuts
     D:2: 699 daAuts
